Map: Thunderbird LE

Players

Serral - Winner!

  • Race: Zerg Zerg
  • League: Grandmaster
  • Spawn Location: 5:00

DnS

  • Race: Protoss Protoss
  • Spawn Location: 11:00

Event: HomeStory Cup XIX

VOD

Have the link to the VOD?

Description

Time

  • Played on: June 27, 2019, 3:29 p.m.
  • Length: 10:11

All games in this series

Show
View Real Time Build Order
Export as new Build Order

Serral Zerg - Winner!

Build Orders: Hatch First, Muta Ling Bane, Roach Hydra 

Get SALT Encoding   

  12  0:00  Drone  
  13  0:12  Overlord  
  13  0:16  Drone  
  14  0:31  Drone x2  
  16  0:48  Hatchery  
  15  0:51  Drone  
  15  0:54  Drone  
  17  0:58  Drone  
  18  1:08  Extractor  
  17  1:14  Spawning Pool  
  17  1:16  Drone  
  17  1:20  Drone  
  18  1:28  Drone  
  20  1:40  Drone  
  20  1:51  Overlord  
  20  2:01  Queen x2  
  22  2:02  Zergling x4  
  26  2:09  Metabolic Boost  
  26  2:11  Drone  
  26  2:13  Drone  
  28  2:22  Drone x2  
  30  2:34  Hatchery  
  29  2:40  Overlord  
  29  2:47  Drone x2  
  31  2:52  Queen  
  31  2:55  Drone  
  31  2:57  Drone  
  35  3:01  Drone  
  35  3:05  Drone x2  
  38  3:10  Drone x2  
  39  3:13  Overlord  
  39  3:14  Drone  
  39  3:15  Drone  
  39  3:19  Overlord  
  41  3:21  Drone  
  42  3:27  Drone  
  42  3:30  Queen  
  42  3:33  Overlord  
  45  3:34  Zergling x2  
  46  3:41  Zergling x2  
  46  3:42  Drone  
  46  3:43  Drone x3  
  51  3:49  Queen, Spore Crawler  
  51  3:53  Spore Crawler  
  51  3:55  Drone x2  
  53  3:59  Drone, Spore Crawler  
  53  4:02  Drone  
  54  4:03  Drone  
  54  4:05  Drone  
  54  4:06  Drone  
  57  4:10  Lair  
  57  4:17  Drone, Roach Warren  
  57  4:20  Zergling x2  
  57  4:23  Overlord  
  58  4:26  Zergling x2  
  58  4:27  Drone x2  
  58  4:30  Overlord  
  61  4:36  Zergling x2  
  61  4:37  Overlord  
  62  4:39  Drone x3  
  62  4:42  Extractor x2  
  62  4:44  Drone x4  
  67  4:46  Overlord  
  67  4:50  Zergling x2  
  67  4:51  Zergling x2  
  68  4:59  Drone x3  
  71  5:00  Drone  
  71  5:06  Drone  
  71  5:07  Drone  
  71  5:11  Drone x2  
  71  5:12  Roach x3  
  80  5:16  Roach x3  
  80  5:18  Overseer  
  85  5:24  Extractor  
  85  5:25  Extractor x2  
  85  5:26  Roach x3  
  88  5:33  Overlord  
  89  5:35  Drone x2  
  89  5:42  Drone x4  
  94  5:44  Spire  
  93  5:51  Drone x3, Hatchery  
  93  5:52  Drone x5  
  93  5:53  Evolution Chamber  
  93  5:55  Overlord  
  99  6:00  Drone  
  99  6:01  Drone  
  99  6:02  Overseer  
  101  6:04  Overlord  
  101  6:07  Roach x2  
  101  6:09  Zergling x2  
  106  6:15  Roach x3  
  112  6:19  Zerg Missile Weapons Level 1  
  112  6:24  Roach x2  
  114  6:27  Overlord x3  
  114  6:31  Overlord  
  114  6:38  Overlord  
  114  6:40  Overlord  
  114  6:44  Overlord  
  114  6:45  Overlord  
  114  6:58  Mutalisk x8  
  127  7:04  Hydralisk Den, Queen  
  128  7:13  Extractor  
  128  7:15  Drone x5  
  128  7:18  Extractor  
  128  7:20  Drone x6  
  133  7:25  Overlord  
  133  7:28  Overlord  
  133  7:29  Drone x4  
  137  7:37  Lurker Den  
  137  7:38  Baneling Nest  
  137  7:39  Grooved Spines  
  137  7:41  Drone x2  
  135  7:46  Glial Reconstitution  
  135  7:47  Spore Crawler  
  134  8:00  Drone x2  
  134  8:02  Hydralisk x9  
  154  8:09  Hatchery  
  154  8:12  Drone x2  
  155  8:14  Evolution Chamber  
  154  8:21  Centrifical Hooks  
  154  8:22  Hydralisk x2  
  154  8:23  Hydralisk, Zergling x4  
  154  8:24  Zergling x2  
  154  8:27  Overlord  
  163  8:31  Overlord  
  163  8:33  Overlord  
  163  8:38  Infestation Pit  
  162  8:41  Hydralisk x2  
  162  8:42  Zergling x12  
  162  8:46  Queen  
  174  8:50  Muscular Augments  
  172  9:11  Hydralisk x2  
  172  9:12  Zergling x28  
  186  9:21  Drone x4  
  186  9:23  Drone  
  187  9:31  Hydralisk x2  
  187  9:32  Zergling x20  
  197  9:41  Baneling x11  
  197  9:42  Baneling x12  
  197  9:49  Drone  
  197  9:50  Overlord, Spore Crawler  
  197  9:52  Spine Crawler  
Show
View Real Time Build Order
Export as new Build Order

DnS Protoss 

Build Orders: 1 Gate Expand, Oracle Opening, Phoenix Opening, Archon Immortal, Archon Drop 

Get SALT Encoding   

  12  0:00  Probe  
  13  0:12  Probe  
  14  0:18  Pylon  
  14  0:24  Probe  
  15  0:32  Probe  
  15  0:40  Probe, Gateway  
  16  0:46  Assimilator  
  17  0:50  Probe  
  18  1:03  Probe  
  19  1:15  Probe  
  20  1:23  Nexus  
  20  1:34  Cybernetics Core  
  20  1:36  Probe  
  21  1:44  Assimilator  
  21  1:48  Probe  
  21  1:51  Pylon  
  22  2:00  Probe, Adept  
  23  2:11  Probe  
  26  2:16  Stargate  
  26  2:19  Probe  
  26  2:25  Warp Gate  
  26  2:27  Probe  
  27  2:30  Adept  
  27  2:35  Probe  
  30  2:39  Probe  
  30  2:43  Probe  
  32  2:51  Probe  
  34  2:53  Probe  
  35  3:01  Phoenix  
  35  3:03  Probe  
  40  3:06  Probe  
  41  3:14  Pylon  
  41  3:15  Probe  
  41  3:18  Probe, Oracle  
  41  3:22  Assimilator  
  41  3:25  Assimilator  
  44  3:27  Probe  
  44  3:30  Probe  
  46  3:39  Probe  
  47  3:41  Gateway  
  47  3:42  Probe  
  47  3:43  Pylon  
  47  3:44  Robotics Facility  
  48  3:51  Probe  
  48  3:54  Probe  
  50  3:58  Twilight Council  
  50  4:04  Probe  
  50  4:06  Probe  
  52  4:11  Gateway  
  52  4:13  Gateway  
  52  4:16  Zealot  
  55  4:17  Probe  
  55  4:18  Pylon  
  55  4:19  Probe  
  55  4:21  Warp Prism  
  58  4:39  Templar Archives  
  58  4:41  Gateway  
  58  4:46  Gateway  
  56  5:08  Zealot x2  
  56  5:12  Probe, Nexus  
  56  5:13  Probe  
  63  5:31  High Templar x3  
  63  5:34  Pylon  
  70  5:37  Archon, High Templar  
  70  5:40  Archon  
  70  5:44  Pylon  
  70  5:47  Forge  
  70  5:52  Probe x2  
  72  6:00  Pylon  
  72  6:01  Zealot  
  72  6:02  Zealot  
  76  6:04  Probe x2  
  76  6:05  Charge  
  76  6:07  Zealot x3  
  76  6:09  Zealot  
  86  6:16  Immortal  
  86  6:18  Probe x2  
  92  6:24  Probe, Protoss Ground Weapons Level 1  
  89  6:30  Probe x2  
  91  6:37  Probe  
  92  6:42  Probe x2  
  92  6:44  Assimilator  
  94  6:48  Observer, Assimilator  
  94  6:49  Probe, Zealot, Sentry x2  
  103  6:54  Probe x2  
  103  7:00  Immortal  
  103  7:01  Probe  
  103  7:03  Robotics Facility  
  103  7:06  Probe x2  
  109  7:18  Pylon  
  109  7:20  Pylon  
  109  7:22  Pylon  
  109  7:24  Pylon  
  109  7:25  Pylon  
  109  7:27  Pylon  
  109  7:29  Immortal  
  109  7:36  Probe x3  
  112  7:38  Pylon  
  116  7:45  High Templar  
  116  7:46  High Templar x2  
  116  7:47  High Templar  
  116  7:48  Stalker  
  116  7:49  Stalker, Probe x3, Phoenix  
  116  7:51  Archon x2  
  127  8:01  Probe x3  
  124  8:13  Probe x3  
  124  8:14  Phoenix  
  129  8:25  Probe x2  
  129  8:26  Probe  
  131  8:32  Zealot x3  
  131  8:33  Zealot x3  
  141  8:35  Psionic Storm  
  141  8:37  Probe x2  
  141  8:38  Probe  
  141  8:40  Immortal x2  
  152  8:49  Probe  
  146  9:02  Probe  
  146  9:03  Probe x2  
  146  9:08  Nexus  
  147  9:10  High Templar x3  
  147  9:17  Probe x2  
  155  9:18  High Templar  
  155  9:19  Immortal  
  155  9:27  Immortal  
  163  9:37  High Templar  
  165  9:49  Pylon  
  165  9:52  Pylon  
  159  10:04  Archon x2  
  113  10:07  Zealot x5  
Tags
 
Add a new tag
Caveats
  • Supply blocks, unpowered buildings, or Contaminate may cause inaccurate times.
  • Supply counts are checked every 10 seconds.